| TOP OF THE 1ST |
|
University of Georgia Bulldogs batting - Pitching for Louisiana State University Tigers : RHP Jeff Alanis
|
|
Pitching: RHP Jeff Alanis
|
|
|
Batting: RHB Gary Sampson
|
0-0: Ball 1-0: Ball 2-0: Swinging Strike 2-1: Foul Ball, location: 2F 2-2: SOLO HOME RUN (Flyball, 7D, EV 106.9 MPH), Distance : 373 ft
|
|
Batting: LHB Vinny Siebecker
|
0-0: Called Strike 0-1: Ball 1-1: Ball 2-1: Foul Ball, location: 2F 2-2: Strikes out swinging
|
|
Batting: RHB Bobby Melillo
|
0-0: Called Strike 0-1: Foul Ball, location: 2F 0-2: Fly out, F9 (Flyball, 9LS, EV 81.3 MPH)
|
|
Batting: RHB Jonathan Ellis
|
0-0: Foul Ball, location: 2F 0-1: Ground out U3 (Groundball, 34, EV 100.0 MPH)
|
| Top of the 1st over - 1 run, 1 hit, 0 errors, 0 left on base; University of Georgia 1 - Louisiana State University 0 |
| BOTTOM OF THE 1ST |
|
Louisiana State University Tigers batting - Pitching for University of Georgia Bulldogs : RHP Kevin Stewart
|
|
Pitching: RHP Kevin Stewart
|
|
|
Batting: RHB Jim Begger
|
0-0: Ball 1-0: Ball 2-0: Called Strike 2-1: Swinging Strike 2-2: Strikes out swinging
|
|
Batting: RHB Bryan Wheeler
|
0-0: Ball 1-0: Ball 2-0: Ball 3-0: Fly out, F2 (Popup, 23F, EV 86.9 MPH)
|
|
Batting: RHB Jake Savell
|
0-0: Called Strike 0-1: Ball 1-1: Ball 2-1: Ground out 6-3 (Groundball, 6, EV 94.4 MPH)
|
| Bottom of the 1st over - 0 runs, 0 hits, 0 errors, 0 left on base; University of Georgia 1 - Louisiana State University 0 |
| TOP OF THE 2ND |
|
University of Georgia Bulldogs batting - Pitching for Louisiana State University Tigers : RHP Jeff Alanis
|
|
Batting: RHB Ismael Macedo
|
0-0: Swinging Strike 0-1: Swinging Strike 0-2: Foul Ball, location: 2F 0-2: Ball 1-2: Foul Ball, location: 2F 1-2: Ball 2-2: Foul Ball, location: 2F 2-2: Foul Ball, location: 2F 2-2: Strikes out swinging
|
|
Batting: RHB Andrew Pride
|
0-0: Ball 1-0: Swinging Strike 1-1: Called Strike 1-2: Ball 2-2: Ball 3-2: Strikes out swinging
|
|
Batting: SHB Troy Kenyon
|
0-0: Called Strike 0-1: Swinging Strike 0-2: Ball 1-2: Strikes out swinging
|
| Top of the 2nd over - 0 runs, 0 hits, 0 errors, 0 left on base; University of Georgia 1 - Louisiana State University 0 |
| BOTTOM OF THE 2ND |
|
Louisiana State University Tigers batting - Pitching for University of Georgia Bulldogs : RHP Kevin Stewart
|
|
Batting: RHB Chris Pounds
|
0-0: Called Strike 0-1: Ball 1-1: Swinging Strike 1-2: Ball 2-2: Foul Ball, location: 2F 2-2: Foul Ball, location: 2F 2-2: Foul Ball, location: 2F 2-2: Strikes out swinging
|
|
Batting: RHB Immel Kamuzu
|
0-0: Called Strike 0-1: SOLO HOME RUN (Flyball, 7D, EV 104.4 MPH), Distance : 375 ft
|
|
Batting: RHB Paul MacDonald
|
0-0: Ball 1-0: Ball 2-0: Called Strike 2-1: Foul Ball, location: 2F 2-2: SINGLE (Groundball, 13, EV 85.6 MPH) (infield hit)
|
|
Batting: RHB Chang-yong Yen
|
0-0: Ball 1-0: Ball 2-0: Called Strike 2-1: Foul Ball, location: 2F 2-2: Foul Ball, location: 2F 2-2: Ball 3-2: Strikes out swinging
|
|
Batting: RHB Nazeeh Zubair
|
0-0: DOUBLE (Flyball, 9LD, EV 104.4 MPH) Paul MacDonald to third
|
|
Batting: RHB Jeff Alanis
|
0-0: Ball 1-0: Foul Ball, location: 2F 1-1: Foul Ball, location: 2F 1-2: Ball 2-2: SINGLE (Groundball, 34D, EV 103.1 MPH) Paul MacDonald scores Nazeeh Zubair to third Runner from 3rd tries for Home, SAFE, throw by RF to home
|
|
Batting: RHB Jim Begger
|
0-0: Ball 1-0: Called Strike 1-1: Called Strike 1-2: Strikes out swinging
|
| Bottom of the 2nd over - 3 runs, 4 hits, 0 errors, 1 left on base; University of Georgia 1 - Louisiana State University 3 |
| TOP OF THE 3RD |
|
University of Georgia Bulldogs batting - Pitching for Louisiana State University Tigers : RHP Jeff Alanis
|
|
Batting: RHB Kevin Allen
|
0-0: Swinging Strike 0-1: Ball 1-1: Ball 2-1: Ball 3-1: Swinging Strike 3-2: Fly out, F1 (Line Drive, P, EV 64.4 MPH)
|
|
Batting: RHB Kevin Stewart
|
0-0: Ball 1-0: Ball 2-0: Ball 3-0: Called Strike 3-1: Base on Balls
|
|
Batting: RHB Gary Sampson
|
0-0: Ball 1-0: Ball 2-0: Fly out, F8 (Flyball, 8RD, EV 91.3 MPH)
|
|
Batting: LHB Vinny Siebecker
|
0-0: Called Strike 0-1: Ball 1-1: Swinging Strike 1-2: Ball 2-2: Ball 3-2: Strikes out swinging
|
| Top of the 3rd over - 0 runs, 0 hits, 0 errors, 1 left on base; University of Georgia 1 - Louisiana State University 3 |
| BOTTOM OF THE 3RD |
|
Louisiana State University Tigers batting - Pitching for University of Georgia Bulldogs : RHP Kevin Stewart
|
|
Batting: RHB Bryan Wheeler
|
0-0: Called Strike 0-1: Called Strike 0-2: Ground out 2-3 (Groundball, 2R, EV 67.5 MPH)
|
|
Batting: RHB Jake Savell
|
0-0: Foul Ball, location: 2F 0-1: Foul Ball, location: 2F 0-2: Ball 1-2: Ball 2-2: Strikes out swinging
|
|
Batting: RHB Chris Pounds
|
0-0: Foul Ball, location: 2F 0-1: Ball 1-1: Swinging Strike 1-2: Ball 2-2: Foul Ball, location: 2F 2-2: Foul Ball, location: 2F 2-2: Ball 3-2: Fly out, F9 (Line Drive, 9, EV 102.5 MPH)
|
| Bottom of the 3rd over - 0 runs, 0 hits, 0 errors, 0 left on base; University of Georgia 1 - Louisiana State University 3 |
| TOP OF THE 4TH |
|
University of Georgia Bulldogs batting - Pitching for Louisiana State University Tigers : RHP Jeff Alanis
|
|
Batting: RHB Bobby Melillo
|
0-0: Ball 1-0: Called Strike 1-1: Fly out, F7 (Flyball, 78S, EV 87.5 MPH)
|
|
Batting: RHB Jonathan Ellis
|
0-0: Foul Ball, location: 2F 0-1: Ground out 4-3 (Groundball, 4, EV 103.8 MPH)
|
|
Batting: RHB Ismael Macedo
|
0-0: Called Strike 0-1: Foul Ball, location: 2F 0-2: Foul Ball, location: 2F 0-2: Strikes out swinging
|
| Top of the 4th over - 0 runs, 0 hits, 0 errors, 0 left on base; University of Georgia 1 - Louisiana State University 3 |
| BOTTOM OF THE 4TH |
|
Louisiana State University Tigers batting - Pitching for University of Georgia Bulldogs : RHP Kevin Stewart
|
|
Batting: RHB Immel Kamuzu
|
0-0: Swinging Strike 0-1: Fly out, F8 (Flyball, 8LD, EV 92.5 MPH)
|
|
Batting: RHB Paul MacDonald
|
0-0: Called Strike 0-1: Ground out 5-3 (Groundball, 56, EV 78.8 MPH)
|
|
Batting: RHB Chang-yong Yen
|
0-0: Called Strike 0-1: Swinging Strike 0-2: Strikes out looking
|
| Bottom of the 4th over - 0 runs, 0 hits, 0 errors, 0 left on base; University of Georgia 1 - Louisiana State University 3 |
| TOP OF THE 5TH |
|
University of Georgia Bulldogs batting - Pitching for Louisiana State University Tigers : RHP Jeff Alanis
|
|
Batting: RHB Andrew Pride
|
0-0: Called Strike 0-1: Ball 1-1: Foul Ball, location: 2F 1-2: Strikes out swinging
|
|
Batting: SHB Troy Kenyon
|
0-0: Fly out, F7 (Flyball, 7S, EV 87.5 MPH)
|
|
Batting: RHB Kevin Allen
|
0-0: Foul Ball, location: 2F 0-1: Ball 1-1: Ball 2-1: SINGLE (Groundball, 56, EV 98.8 MPH) (infield hit)
|
|
Batting: RHB Kevin Stewart
|
0-0: Ground out U3 (Groundball, 3, EV 89.4 MPH)
|
| Top of the 5th over - 0 runs, 1 hit, 0 errors, 1 left on base; University of Georgia 1 - Louisiana State University 3 |
| BOTTOM OF THE 5TH |
|
Louisiana State University Tigers batting - Pitching for University of Georgia Bulldogs : RHP Kevin Stewart
|
|
Batting: RHB Nazeeh Zubair
|
0-0: Ball 1-0: Ball 2-0: Called Strike 2-1: Foul Ball, location: 2F 2-2: Fly out, F4 (Flyball, 4MD, EV 73.8 MPH)
|
|
Batting: RHB Jeff Alanis
|
0-0: Ball 1-0: Swinging Strike 1-1: Foul Ball, location: 2F 1-2: Ball 2-2: Strikes out swinging
|
|
Batting: RHB Jim Begger
|
0-0: Ball 1-0: Ground out 6-3 (Groundball, 6M, EV 106.9 MPH)
|
| Bottom of the 5th over - 0 runs, 0 hits, 0 errors, 0 left on base; University of Georgia 1 - Louisiana State University 3 |
| TOP OF THE 6TH |
|
University of Georgia Bulldogs batting - Pitching for Louisiana State University Tigers : RHP Jeff Alanis
|
|
Batting: RHB Gary Sampson
|
0-0: Ball 1-0: Called Strike 1-1: Ball 2-1: SINGLE (Groundball, 34D, EV 108.8 MPH)
|
|
Pitching: LHP Jeff Tavella
|
|
|
Batting: LHB Vinny Siebecker
|
0-0: Swinging Strike 0-1: Ball 1-1: Foul Ball, location: 2F 1-2: Ball 2-2: Fly out, F8 (Line Drive, 8RD, EV 90.0 MPH)
|
|
Batting: RHB Bobby Melillo
|
0-0: Ball Gary Sampson is caught stealing 2nd base 2-4 1-0: Ball 2-0: Foul Ball, location: 2F 2-1: Called Strike 2-2: Ball 3-2: Strikes out swinging
|
| Top of the 6th over - 0 runs, 1 hit, 0 errors, 0 left on base; University of Georgia 1 - Louisiana State University 3 |
| BOTTOM OF THE 6TH |
|
Louisiana State University Tigers batting - Pitching for University of Georgia Bulldogs : RHP Kevin Stewart
|
|
Pitching: RHP Andres Galindo
|
|
|
Batting: RHB Bryan Wheeler
|
0-0: Called Strike 0-1: Ball 1-1: Foul Ball, location: 2F 1-2: Ball 2-2: SINGLE (Groundball, 4S, EV 98.8 MPH)
|
|
Batting: RHB Jake Savell
|
0-0: Ball 1-0: Called Strike 1-1: Swinging Strike 1-2: Foul Ball, location: 2F 1-2: Ball 2-2: Foul Ball, location: 2F 2-2: Foul Ball, location: 2F 2-2: Fly out, F9 (Line Drive, 9, EV 90.6 MPH)
|
|
Batting: RHB Chris Pounds
|
0-0: Ball 1-0: Called Strike 1-1: Foul Ball, location: 2F 1-2: Foul Ball, location: 2F 1-2: Ball 2-2: Ball 3-2: Foul Ball, location: 2F 3-2: Foul Ball, location: 2F 3-2: SINGLE (Flyball, 8RS, EV 91.3 MPH) Bryan Wheeler to second
|
|
Batting: RHB Immel Kamuzu
|
0-0: Called Strike 0-1: Fly out, F7 (Flyball, 7LM, EV 97.5 MPH) Runner from 2nd tags up, SAFE at 3rd with throw by LF
|
|
Batting: RHB Paul MacDonald
|
0-0: Ball 1-0: SINGLE (Flyball, 9S, EV 89.4 MPH) Bryan Wheeler scores Chris Pounds to second
|
|
Batting: RHB Chang-yong Yen
|
0-0: Called Strike 0-1: Foul Ball, location: 2F 0-2: Strikes out swinging
|
| Bottom of the 6th over - 1 run, 3 hits, 0 errors, 2 left on base; University of Georgia 1 - Louisiana State University 4 |
| TOP OF THE 7TH |
|
University of Georgia Bulldogs batting - Pitching for Louisiana State University Tigers : LHP Jeff Tavella
|
|
Now at 2B: Evan Armagost
|
|
|
Batting: RHB Jonathan Ellis
|
0-0: Fly out, F7 (Flyball, 78S, EV 83.1 MPH)
|
|
Batting: RHB Ismael Macedo
|
0-0: Ball 1-0: Ball 2-0: Called Strike 2-1: Ball 3-1: SINGLE (Line Drive, 7S, EV 110.6 MPH)
|
|
Batting: RHB Andrew Pride
|
0-0: Ball 1-0: DOUBLE (Flyball, 78D, EV 99.4 MPH) Ismael Macedo to third
|
|
Batting: SHB Troy Kenyon
|
0-0: Called Strike 0-1: Foul Ball, location: 2F 0-2: Ground out 5-3 (Groundball, 56S, EV 84.4 MPH) Ismael Macedo scores
|
|
Batting: RHB Kevin Allen
|
0-0: Called Strike 0-1: Ball 1-1: Ground out 1-3 (Groundball, 15S, EV 65.0 MPH)
|
| Top of the 7th over - 1 run, 2 hits, 0 errors, 1 left on base; University of Georgia 2 - Louisiana State University 4 |
| BOTTOM OF THE 7TH |
|
Louisiana State University Tigers batting - Pitching for University of Georgia Bulldogs : RHP Andres Galindo
|
|
Pitching: LHP Tim Franco
|
|
|
Batting: RHB Nazeeh Zubair
|
0-0: Ball 1-0: Called Strike 1-1: Foul Ball, location: 2F 1-2: Ball 2-2: Foul Ball, location: 2F 2-2: Ball 3-2: Foul Ball, location: 2F 3-2: Base on Balls
|
|
Pinch Hitting: RHB Danny Weisse
|
0-0: Foul Ball, location: 2F 0-1: Ball 1-1: Sac Bunt to 13S - play at first, batter OUT! 1-4 Nazeeh Zubair to second
|
|
Batting: RHB Jim Begger
|
0-0: Foul Ball, location: 2F 0-1: Ball 1-1: Ball 2-1: Swinging Strike 2-2: Ball 3-2: Ground out 5-3 (Groundball, 56, EV 85.0 MPH)
|
|
Batting: RHB Bryan Wheeler
|
0-0: Called Strike 0-1: Fly out, F9 (Flyball, 9S, EV 73.8 MPH)
|
| Bottom of the 7th over - 0 runs, 0 hits, 0 errors, 1 left on base; University of Georgia 2 - Louisiana State University 4 |
| TOP OF THE 8TH |
|
University of Georgia Bulldogs batting - Pitching for Louisiana State University Tigers : LHP Jeff Tavella
|
|
Pitching: RHP Oscar Andrade
|
|
|
Pinch Hitting: LHB Danny Klomp
|
0-0: Swinging Strike 0-1: SINGLE (Line Drive, 34, EV 113.1 MPH)
|
|
Batting: RHB Gary Sampson
|
0-0: Swinging Strike 0-1: Swinging Strike 0-2: Ball 1-2: Ball 2-2: Strikes out looking
|
|
Batting: LHB Vinny Siebecker
|
0-0: Ball 1-0: Ball 2-0: Fly out, F8 (Line Drive, 8RM, EV 97.5 MPH)
|
|
Batting: RHB Bobby Melillo
|
0-0: Ground out 4-3 (Groundball, 4, EV 86.9 MPH)
|
| Top of the 8th over - 0 runs, 1 hit, 0 errors, 1 left on base; University of Georgia 2 - Louisiana State University 4 |
| BOTTOM OF THE 8TH |
|
Louisiana State University Tigers batting - Pitching for University of Georgia Bulldogs : LHP Tim Franco
|
|
Pitching: RHP Jon Harris
|
|
|
Batting: RHB Jake Savell
|
0-0: Ball 1-0: Called Strike 1-1: Foul Ball, location: 2F 1-2: Ball 2-2: Strikes out swinging
|
|
Batting: RHB Chris Pounds
|
0-0: Ball 1-0: Ball 2-0: Swinging Strike 2-1: Ball 3-1: Swinging Strike 3-2: Foul Ball, location: 2F 3-2: Foul Ball, location: 2F 3-2: Fly out, F8 (Flyball, 8RM, EV 91.9 MPH)
|
|
Batting: RHB Immel Kamuzu
|
0-0: Called Strike 0-1: Foul Ball, location: 2F 0-2: Ball 1-2: Fly out, F5 (Popup, 5DF, EV 60.0 MPH)
|
| Bottom of the 8th over - 0 runs, 0 hits, 0 errors, 0 left on base; University of Georgia 2 - Louisiana State University 4 |
| TOP OF THE 9TH |
|
University of Georgia Bulldogs batting - Pitching for Louisiana State University Tigers : RHP Oscar Andrade
|
|
Pitching: RHP Dave Thomas
|
|
|
Batting: RHB Jonathan Ellis
|
0-0: Ball 1-0: DOUBLE (Flyball, 78D, EV 108.8 MPH)
|
|
Batting: RHB Ismael Macedo
|
0-0: Called Strike 0-1: Ball 1-1: Ball 2-1: Ball 3-1: Swinging Strike 3-2: Foul Ball, location: 2F 3-2: Strikes out swinging
|
|
Pinch Hitting: RHB Eric Sherry
|
0-0: Called Strike 0-1: Ball 1-1: Called Strike 1-2: Strikes out swinging
|
|
Pinch Hitting: RHB Nick Ogle
|
0-0: Ball 1-0: Ball 2-0: Ball 3-0: Called Strike 3-1: Base on Balls
|
|
Batting: RHB Kevin Allen
|
0-0: Ground out 4-3 (Groundball, 4, EV 97.5 MPH)
|
| Top of the 9th over - 0 runs, 1 hit, 0 errors, 2 left on base; University of Georgia 2 - Louisiana State University 4 |
|